 Dungeon Crawl Stone Soup version 0.29.1-13-g9f3cf754e1 (webtiles) character file.

Game seed: 3408062898633502514

8680 booth the Cruncher (level 11, -1/77 HPs)
             Began as a Demonspawn Enchanter on Jan 22, 2023.
             Was a Believer of Sif Muna.
             Killed from afar by Lodul (23 damage)
             ... with a bolt of lightning
             ... on level 11 of the Dungeon.
             The game lasted 01:16:36 (10210 turns).

booth the Cruncher (Demonspawn Enchanter)          Turns: 10210, Time: 01:16:36

Health: -1/77      AC: 15    Str: 13    XL:     11   Next: 13%
Magic:  23/24      EV: 13    Int: 20    God:    Sif Muna [**....]
Gold:   661        SH:  0    Dex: 18    Spells: 3/15 levels left

rFire   . . .      SeeInvis .   a - +8 lajatang "Asontiynk" {spect, rN+ Dex+4}
rCold   + . .      Faith    .   (shield currently unavailable)
rNeg    + . .      Spirit   .   b - +0 steam dragon scales
rPois   .          Reflect  .   k - +0 helmet
rElec   .          Harm     .   D - +1 cloak
rCorr   +          Rampage  .   (no gloves)
Will    .....                   n - +2 pair of boots
Stlth   +++++.....              u - amulet of regeneration
HPRegen 1.02/turn               p - ring of Ziriem {Ice MP+9 Str+4 Stlth+}
MPRegen 0.38/turn               B - ring of protection from fire

@: no status effects
A: claws 1, yellow scales 3, magic regeneration, demonic magic 1
a: Renounce Religion, Channel Magic


You were on level 11 of the Dungeon.
You worshipped Sif Muna.
Sif Muna was pleased with you.
You visited 3 branches of the dungeon, and saw 13 of its levels.

You collected 661 gold pieces.

Inventory:

Hand Weapons
 a - the +8 lajatang "Asontiynk" (weapon) {spect, rN+ Dex+4}
   (You acquired it on level 6 of the Dungeon)

   When its wielder attacks, the weapon's spirit leaps out and strikes again.
   The spirit shares a part of any damage it takes with its wielder.
   Dex:       It affects your dexterity (+4).
   rN:        It protects you from negative energy.
 g - a +3 dagger of draining
 C - a +2 vorpal mace
Missiles
 h - 2 javelins
 i - 4 silver boomerangs (quivered)
 m - 2 atropa-tipped darts
 t - 8 poisoned darts
Armour
 b - +0 steam dragon scales (worn)
 k - a +0 helmet (worn)
 n - a +2 pair of boots (worn)
 x - a +1 robe of positive energy
 D - a +1 cloak (worn)
Jewellery
 p - the ring of Ziriem (left claw) {Ice MP+9 Str+4 Stlth+}
   (You acquired it on level 3 of the Dungeon)

   [ring of ice]

   It enhances your ice magic.
   Str:       It affects your strength (+4).
   rF:        It makes you vulnerable to fire.
   rC:        It protects you from cold.
   MP:        It affects your magic capacity (+9).
   Stlth:     It makes you more stealthy.
 u - an amulet of regeneration (around neck)
 A - an amulet of faith
 B - a ring of protection from fire (right claw)
 F - a ring of protection from fire
 J - a ring of see invisible
Wands
 d - a wand of charming (7)
 v - a wand of roots (12)
 z - a wand of mindburst (12)
 K - a wand of light (7)
Scrolls
 e - 2 scrolls of poison
 o - 2 scrolls of teleportation
 r - a scroll of enchant weapon
 w - 3 scrolls of fog
 y - 2 scrolls of immolation
 L - a scroll of fear
 N - a scroll of torment
Potions
 c - 3 potions of invisibility
 f - 4 potions of lignification
 j - 4 potions of haste
 l - 6 potions of curing
 q - 2 potions of mutation
 s - a potion of flight
 G - a potion of might
 H - 3 potions of magic
 I - 3 potions of heal wounds
Miscellaneous
 E - a box of beasts
 M - a tin of tremorstones (2/2)


   Skills:
 + Level 4.0 Fighting
 + Level 2.1 Short Blades
 * Level 10.2 Staves
 + Level 0.6 Throwing
 + Level 3.6 Dodging
 + Level 6.8 Stealth
 + Level 2.7 Spellcasting
 * Level 4.7 Conjurations
 * Level 6.9 Hexes
 * Level 5.1 Ice Magic


You had 3 spell levels left.
You knew the following spells:

 Your Spells              Type           Power      Damage    Failure   Level
a - Ensorcelled Hibernat  Hex/Ice        80%        N/A       1%          2
b - Confusing Touch       Hex            30%        N/A       2%          3
c - Tukima's Dance        Hex            30%        N/A       2%          3
d - Shock                 Conj/Air       48%        1d6       5%          1
e - Dazzling Flash        Conj/Hex       52%        N/A       4%          3

Your spell library contained the following spells:

 Spells                   Type           Power      Damage    Failure   Level
 Conjure Flame            Conj/Fire      12%        6-21      17%         3
 Ignite Poison            Fire/Tmut/Pois 2%         N/A       41%         3
 Spider Form              Tmut/Pois      2%         N/A       41%         3
 Swiftness                Air            2%         N/A       41%         3
 Anguish                  Hex/Necr       8%         N/A       34%         4
 Sticky Flame             Conj/Fire      12%        2d4       50%         4
 Iskenderun's Battlesphe  Conj           21%        2d7       50%         5
 Airstrike                Air            1%         2d(1-17)  82%         4
 Iron Shot                Conj/Erth      6%         9d2       100%        6
 Spellforged Servitor     Conj/Summ      6%         N/A       100%        7


Dungeon Overview and Level Annotations

Branches:
Dungeon (11/15)            Temple (1/1) D:5            Lair (1/5) D:8
    Orc: D:9-12

Altars:
Ashenzari
Cheibriados
Dithmenos
Fedhas
Gozag
Hepliaklqana
Kikubaaqudgha
Makhleb
Nemelex Xobeh
Okawaru
Qazlal
Ru
Sif Muna
Trog
Uskayaw
Vehumet
Wu Jian
Xom
Yredelemnul

Shops:
D:4 *

Annotations:
D:11 Lodul


Innate Abilities, Weirdness & Mutations

You have sharp fingernails.
You are completely covered in yellow scales. (AC +4, rCorr)
You regenerate magic rapidly.
Spells you cast may paralyse adjacent enemies.


Message History

The bolt of lightning misses you.
HP restored.
You start waiting.
An acid dragon is nearby!
You open the door.
There is an open door here.
There is an open door here.
There is an open door here.
The ogre hits you with a +0 giant club!! x2
You hit the ogre.
The ogre is lightly wounded.
Your +8 lajatang "Asontiynk" {spect, rN+ Dex+4} hits the ogre!!
Electricity crackles from Lodul's apparatus.
The bolt of lightning misses you.
Casting: Ensorcelled Hibernation (safe; 1% risk of failure)
Confirm with . or Enter, or press ? or * to list all spells.
Aiming: Ensorcelled Hibernation (safe; 1% risk of failure)
Press: ? - help, Shift-Dir - straight line, f - ogre
Aim: an ogre, wielding a +0 giant club (chance to affect: 66%)
You feel a surge of power!
The ogre looks drowsy...
Malevolent energies surge around you.
The ogre suddenly stops moving!
The helpless ogre fails to defend itself.
You dice the ogre like an onion!!!
You kill the ogre!
Sif Muna accepts your kill.
Lodul says, "I guard Vaults good!
You no get in!"
Electricity crackles from Lodul's apparatus.
The bolt of lightning hits you!!
* * * LOW HITPOINT WARNING * * *
Electricity crackles from Lodul's apparatus.
The bolt of lightning misses you.
The helpless ogre fails to defend itself.
You slash the ogre!
The ogre is severely wounded.
Your +8 lajatang "Asontiynk" {spect, rN+ Dex+4} hits the ogre!
You kill the ogre!
Sif Muna accepts your kill.
Electricity crackles from Lodul's apparatus.
The bolt of lightning hits you!!
You die...

#.# #.# #.# ###.##
#.# #.... #.#
###O#.# #.#
#...O.# #.##.#
#.....# #.##.#
#.....# #.##.#
#.))..# #.##.#
#.@(..# #.##.#
#.....# #.##.#
###'#.#
##.##.#####.#.#
#...........# .
#..##.####### ##
#.....D.#...######
#...#.#.#.#......#
#................
#


You could see Lodul, an ogre and a friendly +8 lajatang "Asontiynk" {spect, rN+
Dex+4} (summoned).

Vanquished Creatures
  A boulder beetle (D:10)
  The ghost of OhItsWolfy the Trooper, a novice MfFi of Okawaru (D:7)
  A manticore (D:11)
  A kobold demonologist (D:7)
  A demonic crawler (D:10)
  3 trolls (D:10)
  A hornet (D:11)
  Prince Ribbit (D:6)
  2 wyverns
  6 yaks
  2 steam dragons
  A basilisk (D:11)
  3 swamp worms (D:10)
  An acid dragon (D:10)
  3 water moccasins
  3 orc warriors
  3 black bears
  6 ogres
  4 centaurs
  7 bullfrogs
  A necrophage (D:7)
  2 scorpions
  12 wights
  5 howler monkeys
  3 hounds
  3 jellies
  Crazy Yiuf (D:7)
  4 iguanas
  2 orc wizards
  Robin (D:2)
  6 gnolls
  11 adders
  2 shadow imps
  2 white imps
  An ufetubus (D:7)
  2 worms
  A dart slug (D:1)
  18 orcs
  13 ball pythons
  8 endoplasms
  5 giant cockroaches
  11 goblins
  8 hobgoblins
  8 jackals
  4 kobolds
  A quokka (D:1)
  2 bats
  3 frilled lizards
  4 rats
195 creatures vanquished.

Vanquished Creatures (others)
  15 fungi (D:8)
  18 plants
33 creatures vanquished.

Grand Total: 228 creatures vanquished

Notes
Turn   | Place    | Note
-------+----------+-------------------------------------------
     0 | D:1      | booth the Demonspawn Enchanter began the quest for the Orb.
     0 | D:1      | Reached XP level 1. HP: 13/13 MP: 3/3
   485 | D:1      | Found a faded altar of an unknown god.
   500 | D:1      | Gained mutation: You are partially covered in yellow
                  | scales. (AC +2) [demonic ancestry]
   500 | D:1      | Reached XP level 2. HP: 17/19 MP: 5/5
   503 | D:1      | Learned a level 2 spell: Ensorcelled Hibernation
   923 | D:1      | Reached skill level 1 in Short Blades
   990 | D:2      | Reached XP level 3. HP: 24/24 MP: 6/6
  1245 | D:2      | Found a shadowy altar of Dithmenos.
  1600 | D:2      | Reached XP level 4. HP: 28/30 MP: 7/7
  1604 | D:2      | Learned a level 3 spell: Confusing Touch
  1879 | D:2      | Noticed Robin
  1903 | D:2      | Killed Robin
  2640 | D:3      | Learned a level 3 spell: Tukima's Dance
  2770 | D:3      | Reached XP level 5. HP: 34/36 MP: 8/8
  2812 | D:3      | You fall into a shaft and drop 3 floors!
  2841 | D:6      | Identified a scroll of acquirement
  2841 | D:6      | Acquired the +8 lajatang "Asontiynk" {spect, rN+ Dex+4}
  2864 | D:5      | Entered Level 5 of the Dungeon
  2955 | D:5      | Found a staircase to the Ecumenical Temple.
  2966 | Temple   | Entered the Ecumenical Temple
  2992 | Temple   | Became a worshipper of Sif Muna the Loreminder
  3033 | D:5      | Noticed a black bear
  3095 | D:5      | Noticed a centaur
  3098 | D:5      | Killed a centaur
  3099 | D:5      | Reached skill level 1 in Ice Magic
  3151 | D:4      | Noticed a wyvern
  3327 | D:3      | Reached skill level 1 in Staves
  3327 | D:3      | Reached XP level 6. HP: 42/42 MP: 10/10
  3551 | D:3      | Acquired the ring of Ziriem {Ice MP+9 Str+4 Stlth+}
  4107 | D:4      | Found Agopt's Overcharged Wands.
  4162 | D:4      | Learned a level 1 spell: Shock
  4246 | D:4      | Killed a wyvern
  4247 | D:4      | Reached skill level 1 in Fighting
  4247 | D:4      | Reached skill level 2 in Staves
  4707 | D:4      | Noticed a water moccasin
  4713 | D:4      | Killed a water moccasin
  4714 | D:4      | Reached skill level 3 in Staves
  4714 | D:4      | Gained mutation: You are mostly covered in yellow scales.
                  | (AC +3) [demonic ancestry]
  4714 | D:4      | Reached XP level 7. HP: 48/48 MP: 11/11
  4867 | D:5      | Found a shadowy altar of Dithmenos.
  4948 | D:5      | Reached skill level 1 in Conjurations
  5128 | D:5      | Reached skill level 4 in Staves
  5176 | D:5      | Found a snail-covered altar of Cheibriados.
  5618 | D:6      | Gained mutation: Spells you cast may paralyse adjacent
                  | enemies. [demonic ancestry]
  5618 | D:6      | Reached XP level 8. HP: 55/55 MP: 12/12
  5656 | D:6      | Learned a level 3 spell: Dazzling Flash
  5793 | D:6      | Reached skill level 5 in Hexes
  5794 | D:6      | Reached * piety under Sif Muna
  5798 | D:6      | Reached skill level 5 in Staves
  5878 | D:6      | Noticed Prince Ribbit
  5886 | D:6      | Killed Prince Ribbit
  6030 | D:6      | Reached skill level 6 in Staves
  6372 | D:7      | Reached skill level 5 in Stealth
  6390 | D:7      | Found a sparkling altar of Nemelex Xobeh.
  6400 | D:7      | Gained mutation: You are completely covered in yellow
                  | scales. (AC +4, rCorr) [demonic ancestry]
  6400 | D:7      | Reached XP level 9. HP: 37/62 MP: 13/13
  6439 | D:7      | Found a transporter.
  6451 | D:7      | Noticed OhItsWolfy's ghost (novice MfFi)
  6479 | D:7      | Found a transporter.
  6523 | D:7      | Noticed a kobold demonologist
  6758 | D:7      | Found a runed translucent door.
  6759 | D:7      | Noticed Crazy Yiuf
  6771 | D:7      | Killed Crazy Yiuf
  6844 | D:7      | Found a shimmering altar of Xom.
  6964 | D:7      | Found a bloodstained altar of Trog.
  7067 | D:7      | Reached skill level 7 in Staves
  7074 | D:7      | Reached ** piety under Sif Muna
  7075 | D:7      | Noticed a sun demon
  7077 | D:7      | Killed a kobold demonologist
  7124 | D:7      | Killed OhItsWolfy's ghost
  7140 | D:7      | Reached skill level 8 in Staves
  7285 | D:8      | Gained mutation: You have sharp fingernails. [demonic
                  | ancestry]
  7285 | D:8      | Reached XP level 10. HP: 70/70 MP: 14/14
  7381 | D:8      | Found a staircase to the Lair.
  7413 | Lair:1   | Entered Level 1 of the Lair of Beasts
  8223 | D:9      | Reached skill level 9 in Staves
  8673 | D:10     | Entered Level 10 of the Dungeon
  8673 | D:10     | Noticed a boulder beetle
  8679 | D:10     | Killed a boulder beetle
  9535 | D:10     | Reached skill level 10 in Staves
  9680 | D:11     | Gained mutation: You regenerate magic rapidly. [demonic
                  | ancestry]
  9680 | D:11     | Reached XP level 11. HP: 77/77 MP: 15/15
 10136 | D:11     | Noticed Lodul
 10140 | D:11     | Reached skill level 5 in Ice Magic
 10210 | D:11     | Killed from afar by Lodul

Illustrated notes

Levels and vault maps discovered:
D:1:      dpeg_arrival_lava_temple_mockup, layout_rooms, serial_glass,
          glass_columns_b, glass_columns_c, chequers_ecumenical_altar_simple,
          nrook_mini_backslash
D:2:      minmay_door_path, layout_loops_ring, basic_altar, uniq_robin
D:3:      layout_loops_ring
D:4:      layout_loops_corners, zin_academy, nicolae_shop_overcharged_wands
D:5:      layout_basic, grunt_dithmenos_smoke, mainiacjoe_overflow_alcove_4,
          minmay_temple_entry_glassed_door
D:6:      layout_loops_corners, nicolae_sextant, minmay_between,
          uniq_prince_ribbit1
D:7:      layout_basic, nicolae_overflow_hidden_temple, nzn_ghost_randoct,
          uniq_crazy_yiuf_cottage
D:8:      layout_loops_ring, grunt_lair_entry_orc_guard_hut
D:9:      layout_loops_ring
D:10:     layout_irregular_city, worms_lemuel
D:11:     layout_basic, nicolae_ru_great_annihilating_truth, uniq_lodul
Temple:   hellmonk_temple_of_storms
Lair:1:   layout_misc_corridors

Skill      XL: |  1  2  3  4  5  6  7  8  9 10 11 |
---------------+----------------------------------+-----
Stealth        | 3 4 5 6 |  6.8
Short Blades   | 1 2 |  2.1
Dodging        | 2 3 |  3.6
Hexes          | 4 5 6 |  6.9
Ice Magic      | 1 2 3 4 5 |  5.1
Staves         | 1 3 4 6 8 10 | 10.2
Fighting       | 1 2 3 4 |  4.0
Conjurations   | 1 2 3 4 |  4.7
Throwing       | |  0.6
Spellcasting   | |  2.7

Action                   |  1- 3 |  4- 6 |  7- 9 | 10-12 || total
-------------------------+-------+-------+-------+-------++-------
Melee: Dagger            |    94 |    89 |       |       ||   183
       Punch             |     1 |       |       |       ||     1
       Lajatang          |       |    37 |   102 |    88 ||   227
Throw: Boomerang         |       |       |       |     4 ||     4
 Cast: Ensorcelled Hiber |     3 |     6 |       |     4 ||    13
       Confusing Touch   |       |       |     1 |     1 ||     2
       Shock             |       |       |       |     1 ||     1
  Use: Potion            |     1 |       |       |     1 ||     2
       Scroll            |       |     6 |     4 |    10 ||    20
 Stab: Sleeping          |     2 |    12 |     8 |     7 ||    29
       Distracted        |       |       |     2 |     2 ||     4
       Paralysed         |       |       |       |     3 ||     3
Armor: Robe              |    16 |    34 |    19 |       ||    69
       Steam dragon scal |       |       |    13 |    28 ||    41
Dodge: Dodged            |    49 |    66 |    62 |    52 ||   229
